 Dungeon Crawl Stone Soup version 0.31-a0-978-g1e143483b6 (webtiles) character file.

Game seed: 17775939169444974285

24 javelincjr the Changeling (level 2, 0/21 HPs)
             Began as a Demonspawn Shapeshifter on Oct 30, 2023.
             Slain by a worm (2 damage)
             ... on level 2 of the Dungeon.
             The game lasted 00:02:24 (939 turns).

javelincjr the Changeling (Demonspawn Shapeshifter)  Turns: 939, Time: 00:02:24

Health: 0/21       AC:  7    Str: 14    XL:     2   Next: 79%
Magic:  2/2        EV: 10    Int: 11    God:
Gold:   99         SH:  0    Dex: 12    Spells: 1/1 levels left

rFire   . . .        h - +0 hand axe
rCold   . . .        (no shield)
rNeg    . . .        e - +0 ring mail
rPois   .            (helmet currently unavailable)
rElec   .            (cloak currently unavailable)
rCorr   .            (gloves currently unavailable)
SInv    .            (boots currently unavailable)
Will    .....        (no amulet)
Stlth   +            (no ring)
HPRegen 0.23/turn    (no ring)
MPRegen 0.08/turn

%: no passive effects
@: beast-form
A: beast (slay +2), slimy green scales 1
a: Begin Untransformation


You were on level 2 of the Dungeon.
You were a hulking beast.
You visited 1 branch of the dungeon, and saw 2 of its levels.

You collected 99 gold pieces.

Inventory:

Hand Weapons
 h - a +0 hand axe (weapon)
Armour
 a - a +0 animal skin
 e - a +0 ring mail (worn)
 i - a +0 plate armour
 j - a +0 chain mail
Talismans
 c - a beast talisman
 d - a flux talisman
Scrolls
 k - a scroll of blinking {unknown}
Potions
 b - a potion of lignification
 f - a potion of enlightenment {unknown}
 g - a potion of haste {unknown}


   Skills:
 - Level 1.0 Fighting
 - Level 1.7 Dodging
 - Level 2.6 Unarmed Combat
 * Level 3.5 Shapeshifting


You had one spell level left.
You didn't know any spells.
Your spell library was empty.

Dungeon Overview and Level Annotations

Branches:
Dungeon (2/15)

Altars:


Innate Abilities, Weirdness & Mutations

You are a hulking beast.
Your limbs bulge with bestial killing power. (Slay +2)
You are partially covered in slimy green scales. (AC +2)


Message History

There is an escape hatch in the ceiling here.
k - a scroll labelled JAIS ZAESMA You now have 99 gold pieces (gained 8).
A bat comes into view.
The bat hits you but does no damage.
You hit the bat.
You kill the bat!
A worm comes into view.
The worm bites you but does no damage.
You barely miss the worm. You hit the worm.
The worm is lightly wounded.
The worm bites you.
You hit the worm but do no damage.
The worm is lightly wounded.
The worm bites you.
You slash the worm!
The worm is heavily wounded.
The worm closely misses you.
You hit the worm.
The worm is heavily wounded.
The worm bites you!
* * * LOW HITPOINT WARNING * * *
You are too injured to fight recklessly!
You are too injured to fight recklessly!
You are too injured to fight recklessly!
You are too injured to fight recklessly!
You hit the worm.
The worm is heavily wounded.
You barely miss the worm.
The worm is heavily wounded.
The worm bites you.
* * * LOW HITPOINT WARNING * * *
You completely miss the worm.
The worm is heavily wounded.
The worm misses you.
You hit the worm but do no damage.
The worm is heavily wounded.
The worm bites you.
You die...

#....# #.# #.#
#....######.# #.#
#...........#####.####
.....#####...........##
##.### #............#
##.# #.#.####.##..#
##.# #.#.# ##.# .# #.#
#.#^# #..# # #.# #.#=#
#h## #.# #.#.# #w# #.#
#.... ... #.# ##.## #.#
..# ###


You could see a worm.

Vanquished Creatures
  A dart slug (D:2)
  An endoplasm (D:1)
  4 giant cockroaches
  3 hobgoblins (D:1)
  2 jackals (D:2)
  A kobold (D:1)
  A bat (D:2)
  A frilled lizard (D:1)
  2 goblins (D:1)
  4 rats (D:1)
20 creatures vanquished.

Notes
Turn   | Place    | Note
-------+----------+-------------------------------------------
     0 | D:1      | javelincjr the Demonspawn Shapeshifter began the quest for
                  | the Orb.
     0 | D:1      | Reached XP level 1. HP: 15/15 MP: 1/1
   214 | D:1      | Reached skill level 3 in Shapeshifting
   300 | D:1      | Gained mutation: You are partially covered in slimy green
                  | scales. (AC +2) [demonic ancestry]
   300 | D:1      | Reached XP level 2. HP: 20/21 MP: 2/2
   937 | D:2      | HP: 1/21 [worm (5)]
   939 | D:2      | Slain by a worm

Illustrated notes

Levels and vault maps discovered:
D:1:      dpeg_arrival_radiant, layout_basic
D:2:      layout_loops_ring, nicolae_ecumenical_snake_handling, basic_altar

Skill      XL: |  1 |
---------------+----+-----
Shapeshifting  | 3 |  3.5
Fighting       | |  1.0
Dodging        | |  1.7
Unarmed Combat | |  2.6

Action                     || total
---------------------------++-------
  Melee: Unarmed           ||    44
         Hand axe          ||    27
 Armour: Ring mail         ||    50
  Dodge: Dodged            ||    32

Table legend: (Time is in decaauts)
 A = Elapsed time spent in this place.
 B = Non-inter-level travel time spent in this place.
 C = Inter-level travel time spent in this place.
 D = Time resting spent in this place.
 E = Time spent auto-exploring this place.
 F = Levels seen in this place.
 G = Mean time per level.
                   A        B        C        D        E       F      G
               +--------+--------+--------+--------+--------+-----+--------+
         Total |    944 |    866 |     78 |      0 |    678 |   2 |  472.0 |
       Dungeon |    944 |    866 |     78 |      0 |    678 |   2 |  472.0 |
               +--------+--------+--------+--------+--------+-----+--------+

Top non-repeatable levels by time:
     D:1: 804 daAuts
     D:2: 139 daAuts
